 Dungeon Crawl Stone Soup version 0.31-a0-233-g139696dc86 (webtiles) character file.

Game seed: 2936410721462563555

4356 Ge0ff the Grappler (level 10, -8/144 HPs)
             Began as an Armataur Chaos Knight on July 7, 2023.
             Was a Plaything of Xom.
             Mangled by an orc warrior
             ... wielding a +0 scimitar
              (12 damage)
             ... on level 6 of the Dungeon on July 8, 2023.
             The game lasted 00:18:48 (10663 turns).

Ge0ff the Grappler (Armataur Chaos Knight)         Turns: 10663, Time: 00:18:49

Health: -8/144     AC:  7    Str: 29    XL:     10   Next: 12%
Magic:  10/10      EV:  7    Int: 12    God:    Xom [......]
Gold:   393        SH:  0    Dex:  9    Spells: 9/9 levels left

rFire   . .          .
                       - Unarmed
rCold   . . .        (no shield)
rNeg    . . .        Q - +3 chain mail {Will+}
rPois   .            (no helmet)
rElec   .            (no cloak)
rCorr   .            (no gloves)
SInv    .            (no barding)
Will    +....        v - amulet of faith Stlth
                     p - +6 ring of strength
HPRegen 0.44/turn    Y - +4 ring of protection {=R}
MPRegen 0.12/turn

%: roll, faith
@: berserking, corroded, very quick
A: large, rugged brown scales 3, deformed body, armoured tail, roll, long
tongue, awkward tongue, stinger 1, talons 1, iridescent scales 2, devolution 1
a: Renounce Religion


You were on level 6 of the Dungeon.
You worshipped Xom.
You were a very special plaything of Xom.
You visited 2 branches of the dungeon, and saw 8 of its levels.

You collected 393 gold pieces.

Inventory:

Hand Weapons
 b - a +1 spear
 o - a +2 short sword of electrocution
Missiles
 r - 2 atropa-tipped darts
 z - 12 boomerangs (quivered)
 L - 99 stones
 O - 4 javelins
 U - 9 poisoned darts
Armour
 u - the +3 leather armour "Ludahec" {*Slow +Blink rPois Dex+2 Stlth+}
   (Xom gifted it to you on level 6 of the Dungeon)

   Dex:       It affects your dexterity (+2).
   rPois:     It protects you from poison.
   +Blink:    It lets you blink.
   *Slow:     It may slow you when you take damage.
   Stlth:     It makes you more stealthy.
 Q - a +3 chain mail of willpower (worn)
 S - a +0 helmet
 W - a +0 scale mail of fire resistance
Jewellery
 p - a +6 ring of strength (left hand)
 v - an amulet of faith (around neck)
 A - a ring of ice
 E - a ring of magical power
 P - a +5 ring of evasion
 Y - a +4 ring of protection (right hand) {=R}
Wands
 d - a wand of digging (6)
 e - a wand of charming (13)
 j - a wand of acid (4)
Scrolls
 y - 3 scrolls of immolation
 B - 6 scrolls of blinking
 D - a scroll of acquirement {unknown}
 F - a scroll of brand weapon {unknown}
 G - a scroll of torment
 J - 2 scrolls of silence {!r}
 K - 3 scrolls of enchant weapon
 M - a scroll of fear {unknown}
 R - a scroll of amnesia {unknown}
 T - 4 scrolls of teleportation
Potions
 q - 2 potions of curing
 s - a potion of attraction {unknown}
 t - a potion of heal wounds {unknown}
 w - a potion of brilliance {unknown}
 C - a potion of mutation {unknown}
 H - 2 potions of haste {!q}
 I - a potion of invisibility
Miscellaneous
 x - a piece from Xom's chessboard (15/15)


   Skills:
 + Level 8.9 Fighting
 - Level 2.0 Throwing
 - Level 4.0 Armour
 - Level 2.0 Dodging
 - Level 1.0 Stealth
 - Level 9.0 Unarmed Combat
 - Level 5.0 Evocations


You had 9 spell levels left.
You didn't know any spells.
Your spell library contained the following spells:

 Spells                   Type           Power      Damage    Failure   Level
 Summon Small Mammal      Summ           0%         N/A       80%         1
 Poisonous Vapours        Pois/Air       0%         N/A       91%         2
 Scorch                   Fire           0%         2d5       91%         2
 Call Canine Familiar     Summ           0%         N/A       99%         3
 Mephitic Cloud           Conj/Pois/Air  0%         N/A       99%         3
 Summon Guardian Golem    Hex/Summ       0%         N/A       99%         3
 Flame Wave               Conj/Fire      0%         2d4       100%        4
 Blade Hands              Tmut           0%         N/A       100%        5
 Freezing Cloud           Conj/Ice/Air   0%         6-21      100%        5
 Irradiate                Conj/Tmut      0%         3d11      100%        5
 Simulacrum               Ice/Necr       0%         N/A       100%        6
 Summon Cactus Giant      Summ           0%         N/A       100%        6
 Dragon Form              Tmut           0%         N/A       100%        7
 Ozocubu's Refrigeration  Ice            0%         4d7       100%        7
 Polar Vortex             Ice            0%         N/A       100%        9


Dungeon Overview and Level Annotations

Branches:
Dungeon (7/15) Zot: 25912  Temple (1/1) D:7 Zot: 5815

Altars:
Ashenzari
Cheibriados
Dithmenos
Elyvilon
Gozag
Hepliaklqana
Kikubaaqudgha
Makhleb
Nemelex Xobeh
Okawaru
Qazlal
Ru
Sif Muna
Trog
Uskayaw
Vehumet
Wu Jian
Xom
Yredelemnul
Zin
The Shining One

Shops:
D:1 =


Innate Abilities, Weirdness & Mutations

You are completely covered in rugged brown scales. (AC +3, +7% HP)
Armour fits poorly on your strangely shaped body.
You have a long armoured tail.
You roll when moving toward enemies. (Rampage)
Your long tongue fully drains potion bottles. (2x potion effects)
Your tongue gives you trouble enunciating. (1.5x scroll delay)
Your tail ends in a venomous barb.
You have sharp toenails.
You are mostly covered in iridescent scales. (AC +4)
You have hidden genetic defects.


Message History

* * * LOW HITPOINT WARNING * * *
The rust devil corrodes you!
You pummel the rust devil!!
You kill the rust devil!
Your life force feels restored.
You roll towards the rust devil!
You hit the rust devil but do no damage.
You claw the rust devil, but do no damage.
The rust devil is moderately wounded.
The rust devil hits you.
* * * LOW HITPOINT WARNING * * *
The rust devil corrodes you!
You hit the rust devil but do no damage.
The rust devil is moderately wounded.
You see here a +0 plate armour.
You punch the orc warrior! Your kick misses the orc warrior.
The orc warrior is moderately wounded.
Xom makes a sudden noise!
You hear a piteous moan.
You barely miss the orc warrior.
You claw the orc warrior, but do no damage.
You tail-slap the orc warrior.
The orc warrior is poisoned.
The orc warrior is moderately wounded.
The orc warrior hits you with a +0 scimitar!
* * * LOW HITPOINT WARNING * * *
You barely miss the orc warrior.
The orc warrior is moderately wounded.
The orc warrior hits you with a +0 scimitar!
* * * LOW HITPOINT WARNING * * *
You closely miss the orc warrior.
The orc warrior is moderately wounded.
You hit the orc warrior but do no damage.
You claw the orc warrior.
The orc warrior is heavily wounded.
The orc warrior hits you with a +0 scimitar.
* * * LOW HITPOINT WARNING * * *
You barely miss the orc warrior. Your kick misses the orc warrior.
The orc warrior is heavily wounded.
You closely miss the orc warrior. Your kick misses the orc warrior.
Your punch misses the orc warrior.
The orc warrior is heavily wounded.
The orc warrior barely misses you.
You hit the orc warrior but do no damage.
You claw the orc warrior, but do no damage.
Your tail-slap misses the orc warrior.
The orc warrior is heavily wounded.
You hit the orc warrior. Your kick misses the orc warrior.
The orc warrior is heavily wounded.
The orc warrior hits you with a +0 scimitar!
You die...
Xom chuckles heartily!

####### #...
###.....#####...
###.....#...#.#...
##...###...#.......
###..###.###..##.....
#...##♣...♣##.##.....
#...#).....)#..#.....
#..###..>..###.......
####..#@o4.8..+ #.......
##...))###.....###.#...#.
#.......#).....)#..##....
##......##♣...♣##.###..##
#........###∩###....#..##
##...###...###...#....##
#....###....>....##..####
###....##.......##.##..###.
##......###.....###......##.


You could see a rust devil and an orc warrior (poisoned).

Vanquished Creatures
  A two-headed ogre (D:7)
  A rust devil (D:6)
  A hornet (D:7)
  Grinder (D:2)
  Sigmund (D:6)
  A wyvern (D:6)
  3 yaks (D:7)
  A steam dragon (D:6)
  3 water moccasins
  An acid dragon (D:7)
  An ice beast (D:5)
  An orc warrior (D:6)
  A black bear (D:4)
  3 ogres
  A kobold brigand (D:7)
  A bullfrog (D:6)
  5 scorpions
  2 wights (D:6)
  An orc priest (D:3)
  2 jellies
  2 hounds
  5 iguanas
  Ijyb (D:4)
  4 orc wizards
  Terence (D:2)
  5 gnolls
  7 adders
  2 white imps
  An ufetubus (D:4)
  2 worms
  A dart slug (D:2)
  19 orcs
  7 ball pythons
  4 endoplasms
  7 giant cockroaches
  9 goblins
  7 hobgoblins
  9 jackals
  A quokka (D:2)
  5 bats
  5 frilled lizards
  14 kobolds
  A rat (D:1)
151 creatures vanquished.

Vanquished Creatures (collateral kills)
  A wight (D:6)
  3 orcs
4 creatures vanquished.

Vanquished Creatures (others)
  A bullfrog (D:7)
1 creature vanquished.

Grand Total: 156 creatures vanquished

Notes
Turn   | Place    | Note
-------+----------+-------------------------------------------
     0 | D:1      | Ge0ff the Armataur Chaos Knight began the quest for the
                  | Orb.
     0 | D:1      | Reached XP level 1. HP: 19/19 MP: 1/1
   130 | D:1      | Reached skill level 3 in Unarmed Combat
   130 | D:1      | XOM: divination: detect creatures
   157 | D:1      | Found Cyro's Jewellery Shoppe.
   211 | D:1      | Reached XP level 2. HP: 26/26 MP: 2/2
   262 | D:1      | XOM: potion effect (attraction)
   545 | D:1      | XOM: potion effect (heal wounds)
   615 | D:1      | Reached XP level 3. HP: 32/32 MP: 3/3
   685 | D:1      | Reached skill level 4 in Unarmed Combat
   962 | D:1      | XOM is BORED!
   962 | D:1      | XOM: noise
  1015 | D:1      | XOM: cloud trail
  1314 | D:1      | XOM: noise
  1370 | D:1      | Found Cyro's Jewellery Shoppe.
  1656 | D:2      | Noticed Terence
  1673 | D:2      | Killed Terence
  1674 | D:2      | Reached XP level 4. HP: 33/39 MP: 4/4
  1729 | D:2      | XOM: torment (21/39 hp)
  1982 | D:2      | XOM: summons 3 hostile demons
  2053 | D:1      | XOM is BORED!
  2053 | D:1      | XOM: stat loss: -2 Int (10/12)
  2458 | D:2      | XOM: torment (21/39 hp)
  2767 | D:3      | Noticed Grinder
  2781 | D:3      | XOM: stat loss: -1 Dex (6/9)
  2883 | D:3      | XOM: stat loss: -1 Int (9/12)
  3020 | D:3      | Reached skill level 5 in Unarmed Combat
  3029 | D:3      | Reached XP level 5. HP: 46/47 MP: 5/5
  3097 | D:3      | Reached skill level 1 in Dodging
  3100 | D:3      | XOM: torment (25/47 hp)
  3121 | D:3      | XOM: divination: detect creatures
  3270 | D:3      | XOM: divination: magic mapping
  3497 | D:3      | XOM: silly message
  3631 | D:3      | XOM: noise
  3700 | D:2      | XOM: cast spell 'Olgreb's Toxic Radiance'
  3702 | D:2      | Paralysed by Grinder for 3 turns
  3720 | D:2      | Killed Grinder
  3721 | D:2      | Reached skill level 1 in Evocations
  3721 | D:2      | Reached XP level 6. HP: 39/56 MP: 6/6
  3813 | D:2      | XOM: silly message
  4355 | D:2      | XOM: silly message
  4622 | D:4      | XOM: divination: detect items
  4624 | D:4      | XOM: silly message
  4706 | D:4      | Reached skill level 1 in Throwing
  4822 | D:4      | Noticed Ijyb
  4830 | D:4      | Killed Ijyb
  4831 | D:4      | Reached skill level 5 in Fighting
  4831 | D:4      | Reached XP level 7. HP: 65/65 MP: 7/7
  4905 | D:4      | XOM: noise
  4909 | D:4      | XOM: divination: magic mapping
  4914 | D:4      | Reached skill level 1 in Stealth
  5062 | D:4      | XOM: noise
  5474 | D:5      | Entered Level 5 of the Dungeon
  5552 | D:5      | XOM: divination: detect items
  5583 | D:5      | Reached skill level 6 in Unarmed Combat
  5811 | D:5      | XOM: cast spell 'Summon Dragon'
  5941 | D:5      | XOM: give mutation
  5941 | D:5      | Gained mutation: You have an increased reservoir of magic.
                  | (+10% MP) [Xom's grace]
  5978 | D:5      | XOM is BORED!
  6108 | D:5      | XOM: enchant monster (bad)
  6185 | D:5      | XOM: give mutation
  6185 | D:5      | Gained mutation: You are frail. (-10% HP) [Xom's mischief]
  6315 | D:5      | Reached skill level 7 in Unarmed Combat
  6315 | D:5      | Reached XP level 8. HP: 55/65 MP: 8/8
  6518 | D:6      | XOM: give mutations
  6518 | D:6      | Gained mutation: You are dopey. (Int -2) [Xom's mischief]
  6518 | D:6      | Gained mutation: You have sharp toenails. [Xom's mischief]
  6539 | D:6      | XOM: summons 5 hostile demons
  6580 | D:5      | XOM: summons 3 hostile shadow creatures
  6841 | D:6      | XOM: god gift: book of Callings
  7108 | D:6      | XOM: god gift: crude leather armour {god gift}
  7108 | D:6      | Identified the +3 leather armour "Ludahec" {*Slow +Blink
                  | rPois Dex+2 Stlth+} (Xom gifted it to you on level 6 of the
                  | Dungeon)
  7792 | D:6      | Noticed Sigmund
  7792 | D:6      | XOM: 1-stop teleportation journey
  7794 | D:6      | XOM: confuse monster(s)
  7797 | D:6      | Killed Sigmund
  7798 | D:6      | Reached skill level 8 in Unarmed Combat
  7959 | D:6      | XOM: repel stairs
  7984 | D:6      | XOM: silly message
  8026 | D:6      | Reached skill level 9 in Unarmed Combat
  8125 | D:6      | XOM: stat loss: -1 Str (20/21)
  8163 | D:6      | XOM: stat loss: -1 Dex (8/9)
  8285 | D:6      | XOM: summons 1 hostile shadow creature
  8296 | D:5      | XOM: torment (34/65 hp)
  8746 | D:5      | XOM: give mutations
  8746 | D:5      | Gained mutation: Your body sometimes deteriorates upon
                  | taking damage. [Xom's mischief]
  8746 | D:5      | Gained mutation: You possess an exceptional clarity of
                  | mind. [Xom's mischief]
  8746 | D:5      | Gained mutation: You are vulnerable to heat. (rF-) [Xom's
                  | mischief]
  9043 | D:5      | XOM: give mutations
  9043 | D:5      | Gained mutation: You have a pair of small horns on your
                  | head. [Xom's mischief]
  9043 | D:5      | Lost mutation: You have an increased reservoir of magic.
                  | (+10% MP) [Xom's mischief]
  9043 | D:5      | Gained mutation: You are partially covered in iridescent
                  | scales. (AC +2) [Xom's mischief]
  9043 | D:5      | Gained mutation: Your muscles are strong. (Str +4, Int/Dex
                  | -1) [Xom's mischief]
  9145 | D:6      | XOM: summons 8 friendly demons
  9168 | D:6      | Upgraded the game from 0.31-a0-232-gb1c03b2570 to
                  | 0.31-a0-233-g139696dc86
  9211 | D:6      | Reached XP level 9. HP: 71/71 MP: 9/9
  9254 | D:6      | XOM: enchant monster (bad)
  9404 | D:7      | XOM: give mutations
  9404 | D:7      | Lost mutation: You possess an exceptional clarity of mind.
                  | [Xom's mischief]
  9404 | D:7      | Lost mutation: You are dopey. (Int -2) [Xom's mischief]
  9404 | D:7      | Lost mutation: You are frail. (-10% HP) [Xom's mischief]
  9404 | D:7      | Lost mutation: Your muscles are strong. (Str +4, Int/Dex
                  | -1) [Xom's mischief]
  9542 | D:6      | XOM: silly message
  9667 | D:7      | Noticed a two-headed ogre
  9668 | D:7      | XOM: swap monsters
  9671 | D:7      | XOM: swap monsters
  9677 | D:7      | Killed a two-headed ogre
  9753 | D:7      | Found a staircase to the Ecumenical Temple.
  9758 | D:7      | XOM: confusion
  9777 | D:7      | XOM: polymorph gnoll sergeant -> acid dragon
  9792 | D:7      | XOM: swap monsters
  9800 | D:7      | XOM: summons 2 hostile shadow creatures
  9829 | Temple   | Entered the Ecumenical Temple
 10001 | Temple   | XOM: give mutations
 10001 | Temple   | Lost mutation: Your body sometimes deteriorates upon taking
                  | damage. [Xom's mischief]
 10001 | Temple   | Lost mutation: You are vulnerable to heat. (rF-) [Xom's
                  | mischief]
 10068 | D:7      | Reached skill level 5 in Evocations
 10170 | D:7      | XOM: silly message
 10226 | D:7      | XOM: draining
 10237 | D:7      | XOM: stat loss: -1 Str (22/23)
 10240 | D:7      | XOM: silly message
 10245 | D:7      | Reached XP level 10. HP: 71/93 MP: 10/10
 10617 | D:7      | XOM: give mutations
 10617 | D:7      | Gained mutation: You are mostly covered in iridescent
                  | scales. (AC +4) [Xom's mischief]
 10617 | D:7      | Gained mutation: You have hidden genetic defects. [Xom's
                  | mischief]
 10617 | D:7      | Lost mutation: You have a pair of small horns on your head.
                  | [Xom's mischief]
 10617 | D:7      | Gained mutation: Your tail ends in a venomous barb. [Xom's
                  | mischief]
 10635 | D:6      | Noticed a rust devil
 10635 | D:6      | Noticed a rust devil
 10635 | D:6      | XOM: repel stairs
 10647 | D:6      | XOM: enchant monster (bad)
 10651 | D:6      | Killed a rust devil
 10655 | D:6      | XOM: noise
 10657 | D:6      | HP: 3/144 [orc warrior/+0 scimitar (16)]
 10663 | D:6      | Mangled by an orc warrior

Illustrated notes

Levels and vault maps discovered:
D:1:      nicolae_arrival_memento_mori, layout_loops_ring, serial_shops, shop,
          minmay_vboxes
D:2:      layout_basic, minmay_misc_feat_secret_circle, uniq_terence
D:3:      layout_loops_ring, uniq_grinder
D:4:      layout_loops_ring, uniq_ijyb
D:5:      layout_basic
D:6:      cheibrodos_iron_armory, layout_cave_pools, uniq_sigmund
D:7:      layout_rooms, minmay_temple_entry_mist, minmay_starry_boxes
Temple:   nicolae_temple_bog_church

Skill      XL: |  1  2  3  4  5  6  7  8  9 |
---------------+----------------------------+-----
Unarmed Combat | 3 4 5 7 9 |  9.0
Dodging        | 1 2 |  2.0
Fighting       | 4 5 8 |  8.9
Armour         | 3 4 |  4.0
Evocations     | 1 2 5 |  5.0
Throwing       | 1 2 |  2.0
Stealth        | 1 |  1.0

Action                     |  1- 3 |  4- 6 |  7- 9 | 10-12 || total
---------------------------+-------+-------+-------+-------++-------
  Melee: Unarmed           |   126 |   141 |   274 |    23 ||   564
         Tailslap          |    14 |    13 |    38 |     3 ||    68
         Punch             |     5 |     5 |     8 |     1 ||    19
         Kick              |       |       |    39 |     7 ||    46
         Headbutt          |       |       |    22 |       ||    22
  Throw: Boomerang         |     6 |    14 |    41 |     2 ||    63
         Dart              |       |     4 |       |       ||     4
  Evoke: Piece from Xom's  |    15 |     6 |       |       ||    21
         Wand              |       |       |    13 |       ||    13
    Use: Scroll            |     5 |     1 |     4 |     2 ||    12
         Potion            |       |     2 |     1 |     2 ||     5
   Stab: Petrified         |     7 |       |       |       ||     7
         Paralysed         |       |     3 |       |       ||     3
         Confused          |       |       |     1 |       ||     1
         Sleeping          |       |       |     1 |       ||     1
 Armour: Leather armour    |    42 |       |       |       ||    42
         Chain mail        |    21 |    84 |   133 |    10 ||   248
  Dodge: Dodged            |    50 |    94 |   119 |     6 ||   269

Table legend: (Time is in decaauts)
 A = Elapsed time spent in this place.
 B = Non-inter-level travel time spent in this place.
 C = Inter-level travel time spent in this place.
 D = Time resting spent in this place.
 E = Time spent auto-exploring this place.
 F = Levels seen in this place.
 G = Mean time per level.
                   A        B        C        D        E       F      G
               +--------+--------+--------+--------+--------+-----+--------+
         Total |  10605 |  10236 |    369 |   2706 |   5730 |   8 | 1325.6 |
       Dungeon |  10420 |  10078 |    342 |   2706 |   5592 |   7 | 1488.6 |
        Temple |    184 |    157 |     27 |      0 |    138 |   1 |  184.0 |
               +--------+--------+--------+--------+--------+-----+--------+

Top non-repeatable levels by time:
     D:6: 2332 daAuts
     D:2: 1933 daAuts
     D:5: 1713 daAuts
     D:1: 1641 daAuts
     D:3: 989 daAuts
     D:7: 919 daAuts
     D:4: 891 daAuts
  Temple: 184 daAuts
